ITL
LOUISVILLE BATS @ PORTLAND PRIVATEERS
05/22/2028
 
TOP OF THE 1ST
Louisville Bats batting - Pitching for Portland Privateers : LHP Pedro Santana
Pitching: LHP Pedro Santana
Batting: RHB Dick Slagboom 0-0: Ball
1-0: Called Strike
1-1: Ball
2-1: Ball
3-1: Called Strike
3-2: Foul Ball, location: 2F
3-2: Base on Balls
Batting: LHB Alex Henderson 0-0: Ball
1-0: Called Strike
1-1: Ball
2-1: Ball
3-1: Fly out, F8 (Flyball, 8LS)
Batting: RHB Jesús Cabrera 0-0: Ball
1-0: Called Strike
1-1: Ball
2-1: Foul Ball, location: 2F
2-2: Ball
3-2: Strikes out looking
Batting: RHB Eric Thompson 0-0: Called Strike
0-1: Ball
1-1: Called Strike
1-2: Foul Ball, location: 2F
1-2: Foul Ball, location: 2F
1-2: Ball
2-2: Ball
3-2: Ground out 6-3 (Groundball, 6)
Top of the 1st over - 0 run(s), 0 hit(s), 0 error(s), 1 left on base; Louisville 0 - Portland 0
BOTTOM OF THE 1ST
Portland Privateers batting - Pitching for Louisville Bats : RHP Jae-hyun Ch'oe
Pitching: RHP Jae-hyun Ch'oe
Batting: SHB Cory Campbell 0-0: Fly out, F9 (Line Drive, 9D)
Batting: RHB Edward Holloway 0-0: Ball
1-0: Foul Ball, location: 2F
1-1: Ball
2-1: Foul Ball, location: 2F
2-2: Strikes out swinging
Batting: LHB Carter Sweet 0-0: SOLO HOME RUN (Flyball, 9D), Distance : 390 ft
Batting: SHB Eric Pimentel 0-0: Fly out, F7 (Flyball, 78M)
Bottom of the 1st over - 1 run(s), 1 hit(s), 0 error(s), 0 left on base; Louisville 0 - Portland 1
TOP OF THE 2ND
Louisville Bats batting - Pitching for Portland Privateers : LHP Pedro Santana
Batting: SHB Bob Warren 0-0: Swinging Strike
0-1: Swinging Strike
0-2: Ball
1-2: Strikes out swinging
Batting: RHB John Denton 0-0: Ball
1-0: Called Strike
1-1: Ball
2-1: Ball
3-1: Foul Ball, location: 2F
3-2: Base on Balls
Batting: RHB Juan Costello 0-0: Ball
1-0: Ball
2-0: Ball
3-0: Base on Balls
John Denton to second
Batting: LHB Ramón Morales 0-0: Swinging Strike
0-1: 3-RUN HOME RUN (Flyball, 9D), Distance : 371 ft
Batting: RHB Shawn Marshall 0-0: Fly out, F8 (Flyball, 8RS)
Batting: RHB Dick Slagboom 0-0: Foul Ball, location: 2F
0-1: Ball
1-1: Ball
2-1: Ball
3-1: Called Strike
3-2: Foul Ball, location: 2F
3-2: SINGLE (Line Drive, 7LM)
Batting: LHB Alex Henderson 0-0: Ball
1-0: Ball
2-0: Foul Ball, location: 2F
2-1: Foul Ball, location: 2F
2-2: Strikes out swinging
Top of the 2nd over - 3 run(s), 2 hit(s), 0 error(s), 1 left on base; Louisville 3 - Portland 1
BOTTOM OF THE 2ND
Portland Privateers batting - Pitching for Louisville Bats : RHP Jae-hyun Ch'oe
Batting: LHB Jeff Dorney 0-0: Swinging Strike
0-1: Ball
1-1: Swinging Strike
1-2: Strikes out looking
Batting: SHB Héctor Padilla 0-0: Fly out, F8 (Line Drive, 8RM)
Batting: RHB Luis Pineda 0-0: Ground out 5-3 (Groundball, 56S)
Bottom of the 2nd over - 0 run(s), 0 hit(s), 0 error(s), 0 left on base; Louisville 3 - Portland 1
TOP OF THE 3RD
Louisville Bats batting - Pitching for Portland Privateers : LHP Pedro Santana
Batting: RHB Jesús Cabrera 0-0: Fly out, F8 (Line Drive, 8LM)
Batting: RHB Eric Thompson 0-0: Swinging Strike
0-1: Ground out 6-3 (Groundball, 6MS)
Batting: SHB Bob Warren 0-0: SINGLE (Line Drive, 34)
Batting: RHB John Denton 0-0: Called Strike
0-1: Ball
1-1: Ball
2-1: SINGLE (Flyball, 8RS)
Bob Warren to second
Batting: RHB Juan Costello 0-0: Ball
1-0: Swinging Strike
1-1: Swinging Strike
1-2: Strikes out swinging
Top of the 3rd over - 0 run(s), 2 hit(s), 0 error(s), 2 left on base; Louisville 3 - Portland 1
BOTTOM OF THE 3RD
Portland Privateers batting - Pitching for Louisville Bats : RHP Jae-hyun Ch'oe
Batting: LHB Domingo Ledesma 0-0: Ball
1-0: Foul Ball, location: 2F
1-1: Foul Ball, location: 2F
1-2: Foul Ball, location: 2F
1-2: Ball
2-2: Foul Ball, location: 2F
2-2: Strikes out swinging
Batting: RHB Dave Nelson 0-0: Foul Ball, location: 2F
0-1: Ball
1-1: Called Strike
1-2: Strikes out looking
Pitching: RHP Manny Canseco
Batting: SHB Cory Campbell 0-0: Ball
1-0: Called Strike
1-1: Foul Ball, location: 2F
1-2: Ball
2-2: Fly out, F8 (Flyball, 8LM)
Bottom of the 3rd over - 0 run(s), 0 hit(s), 0 error(s), 0 left on base; Louisville 3 - Portland 1
TOP OF THE 4TH
Louisville Bats batting - Pitching for Portland Privateers : LHP Pedro Santana
Batting: LHB Ramón Morales 0-0: Foul Ball, location: 2F
0-1: Ball
1-1: Foul Ball, location: 2F
1-2: SINGLE (Line Drive, 3D)
Batting: RHB Shawn Marshall 0-0: Called Strike
0-1: Ball
1-1: Ball
2-1: Ball
3-1: Foul Ball, location: 2F
3-2: Strikes out swinging
Batting: RHB Dick Slagboom 0-0: Ball
1-0: 2-RUN HOME RUN (Flyball, 78XD), Distance : 416 ft
Batting: LHB Alex Henderson 0-0: Ball
1-0: Called Strike
1-1: Foul Ball, location: 2F
1-2: Ball
2-2: Strikes out swinging
Batting: RHB Jesús Cabrera 0-0: Ball
1-0: Foul Ball, location: 2F
1-1: Ball
2-1: Foul Ball, location: 2F
2-2: Ground out 4-3 (Groundball, 4)
Top of the 4th over - 2 run(s), 2 hit(s), 0 error(s), 0 left on base; Louisville 5 - Portland 1
BOTTOM OF THE 4TH
Portland Privateers batting - Pitching for Louisville Bats : RHP Manny Canseco
Batting: RHB Edward Holloway 0-0: Called Strike
0-1: Foul Ball, location: 2F
0-2: Foul Ball, location: 2F
0-2: Ball
1-2: Foul Ball, location: 2F
1-2: Foul Ball, location: 2F
1-2: Ball
2-2: Ball
3-2: Foul Ball, location: 2F
3-2: TRIPLE (Flyball, 8RXD)
Batting: LHB Carter Sweet 0-0: Ball
1-0: Swinging Strike
1-1: Ball
2-1: Ball
3-1: Base on Balls
Batting: SHB Eric Pimentel 0-0: DOUBLE (Flyball, 9LD)
Edward Holloway scores
Carter Sweet to third
Runner from 3rd tries for Home, SAFE, throw made home
Batting: LHB Jeff Dorney 0-0: Ball
1-0: Swinging Strike
1-1: Ball
2-1: Foul Ball, location: 2F
2-2: Ball
3-2: Base on Balls
Batting: SHB Héctor Padilla 0-0: Called Strike
0-1: Ball
Passed Ball!
Eric Pimentel to third
Jeff Dorney to second
1-1: Ball
2-1: Swinging Strike
2-2: Ball
3-2: Foul Ball, location: 2F
3-2: Ground out 4-3 (Groundball, 4)
Eric Pimentel scores
Jeff Dorney to third
Pitching: LHP Dave Carbone
Batting: RHB Luis Pineda 0-0: Swinging Strike
0-1: Fly out, F9 (Flyball, 9LSF)
Runner from 3rd tags up, SCORES, no throw
Batting: LHB Domingo Ledesma 0-0: Ball
1-0: Called Strike
1-1: DOUBLE (Line Drive, 9LM)
Batting: RHB Dave Nelson 0-0: Ball
1-0: Called Strike
1-1: Ball
2-1: Ball
3-1: Base on Balls
Batting: SHB Cory Campbell 0-0: Ball
1-0: Foul Ball, location: 2F
1-1: Ball
2-1: Foul Ball, location: 2F
2-2: Fielders Choice at 2nd, 5-4 (Groundball, 56)
Bottom of the 4th over - 4 run(s), 3 hit(s), 0 error(s), 1 left on base; Louisville 5 - Portland 5
TOP OF THE 5TH
Louisville Bats batting - Pitching for Portland Privateers : LHP Pedro Santana
Pitching: RHP Carlos Molina
Batting: RHB Eric Thompson 0-0: Foul Ball, location: 2F
0-1: Foul Ball, location: 2F
0-2: Ball
1-2: Ball
2-2: Foul Ball, location: 2F
2-2: Ball
3-2: Ground out 6-3 (Groundball, 6)
Batting: SHB Bob Warren 0-0: Called Strike
0-1: Ball
1-1: Ball
2-1: Foul Ball, location: 2F
2-2: Ball
3-2: SINGLE (Line Drive, 34)
Batting: RHB John Denton 0-0: Called Strike
0-1: Ball
1-1: Called Strike
1-2: Fly out, F3 (Popup, 3)
Batting: RHB Juan Costello 0-0: Called Strike
0-1: Ball
1-1: Swinging Strike
1-2: Ball
2-2: Foul Ball, location: 2F
2-2: Strikes out looking
Top of the 5th over - 0 run(s), 1 hit(s), 0 error(s), 1 left on base; Louisville 5 - Portland 5
BOTTOM OF THE 5TH
Portland Privateers batting - Pitching for Louisville Bats : LHP Dave Carbone
Batting: RHB Edward Holloway 0-0: Called Strike
0-1: Ball
1-1: Ball
2-1: Ball
3-1: Base on Balls
Batting: LHB Carter Sweet 0-0: Called Strike
0-1: Swinging Strike
0-2: Strikes out swinging
Batting: SHB Eric Pimentel 0-0: Ball
1-0: SINGLE (Line Drive, 9S)
Edward Holloway to second
Batting: LHB Jeff Dorney 0-0: Called Strike
0-1: Ball
1-1: Foul Ball, location: 2F
1-2: Foul Ball, location: 2F
1-2: Fly out, F7 (Flyball, 7LS)
Batting: SHB Héctor Padilla 0-0: Ball
1-0: Swinging Strike
1-1: Foul Ball, location: 2F
1-2: Fielders Choice at 2nd, 5-4 (Groundball, 56)
Bottom of the 5th over - 0 run(s), 1 hit(s), 0 error(s), 1 left on base; Louisville 5 - Portland 5
TOP OF THE 6TH
Louisville Bats batting - Pitching for Portland Privateers : RHP Carlos Molina
Batting: LHB Ramón Morales 0-0: Foul Ball, location: 2F
0-1: Foul Ball, location: 2F
0-2: Ball
1-2: Foul Ball, location: 2F
1-2: Foul Ball, location: 2F
1-2: SINGLE (Line Drive, 89S)
Batting: RHB Shawn Marshall 0-0: Called Strike
Ramón Morales steals 2nd base
0-1: Ball
1-1: Foul Ball, location: 2F
1-2: Ball
2-2: Ground out U3 (Groundball, 34S)
Ramón Morales to third
Batting: RHB Dick Slagboom 0-0: Called Strike
0-1: Ball
1-1: Ball
2-1: Ball
3-1: Base on Balls
Batting: LHB Alex Henderson 0-0: Called Strike
0-1: Ball
1-1: Swinging Strike
1-2: Strikes out swinging
Batting: RHB Jesús Cabrera 0-0: Called Strike
0-1: Fielders Choice at 2nd, 4-6 (Groundball, 4)
Top of the 6th over - 0 run(s), 1 hit(s), 0 error(s), 1 left on base; Louisville 5 - Portland 5
BOTTOM OF THE 6TH
Portland Privateers batting - Pitching for Louisville Bats : LHP Dave Carbone
Batting: RHB Luis Pineda 0-0: Foul Ball, location: 2F
0-1: Foul Ball, location: 2F
0-2: Fly out, F9 (Flyball, 9S)
Batting: LHB Domingo Ledesma 0-0: Called Strike
0-1: Ball
1-1: Ball
2-1: Swinging Strike
2-2: Ball
3-2: DOUBLE (Line Drive, 9LM)
Batting: RHB Dave Nelson 0-0: Called Strike
0-1: Ball
1-1: Ball
2-1: Swinging Strike
2-2: Ball
3-2: Strikes out swinging
Batting: SHB Cory Campbell 0-0: Ball
1-0: Called Strike
1-1: Swinging Strike
1-2: Strikes out looking
Bottom of the 6th over - 0 run(s), 1 hit(s), 0 error(s), 1 left on base; Louisville 5 - Portland 5
TOP OF THE 7TH
Louisville Bats batting - Pitching for Portland Privateers : RHP Carlos Molina
Batting: RHB Eric Thompson 0-0: SINGLE (Groundball, 6MD)
Batting: SHB Bob Warren 0-0: Called Strike
0-1: Fly out, F7 (Flyball, 7LS)
Batting: RHB John Denton 0-0: Ball
Throwing error on steal attempt, E2
Eric Thompson to third
1-0: Ball
2-0: Ball
3-0: Called Strike
3-1: Fly out, F8 (Flyball, 8RM)
Runner from 3rd tags up, SCORES, no throw
Pitching: LHP Jaime Ayala
Batting: RHB Juan Costello 0-0: Foul Ball, location: 2F
0-1: Foul Ball, location: 2F
0-2: Ball
1-2: Ball
2-2: Foul Ball, location: 2F
2-2: Ball
3-2: Base on Balls
Pinch Hitting: RHB William Farmer 0-0: Ball
1-0: Foul Ball, location: 2F
1-1: Ball
Juan Costello steals 2nd base
2-1: Swinging Strike
2-2: Ball
3-2: Foul Ball, location: 2F
3-2: Fly out, F8 (Flyball, 8LS)
Top of the 7th over - 1 run(s), 1 hit(s), 1 error(s), 1 left on base; Louisville 6 - Portland 5
BOTTOM OF THE 7TH
Portland Privateers batting - Pitching for Louisville Bats : LHP Dave Carbone
Now in CF: William Farmer
Batting: RHB Edward Holloway 0-0: Ball
1-0: Foul Ball, location: 2F
1-1: Ball
2-1: SINGLE (Groundball, 4) (infield hit)
Pitching: RHP Vaughn Stanley
Batting: LHB Carter Sweet 0-0: Ball
1-0: Ball
Wild Pitch!
Edward Holloway to second
2-0: Called Strike
2-1: 2-RUN HOME RUN (Flyball, 9D), Distance : 376 ft
Batting: SHB Eric Pimentel 0-0: Swinging Strike
0-1: Reaches on Catchers interference
Batting: LHB Jeff Dorney 0-0: Swinging Strike
0-1: Ball
1-1: Ball
2-1: Foul Ball, location: 2F
2-2: Ground out 5-3 (Groundball, 5S)
Eric Pimentel to second
Batting: SHB Héctor Padilla 0-0: Intentional Walk
Pinch Hitting: RHB José Balina 0-0: Called Strike
0-1: Foul Ball, location: 2F
0-2: Strikes out swinging
Pinch Hitting: LHB Dillon Beck 0-0: Ball
1-0: Ground out U3 (Groundball, 3S)
Bottom of the 7th over - 2 run(s), 2 hit(s), 1 error(s), 2 left on base; Louisville 6 - Portland 7
TOP OF THE 8TH
Louisville Bats batting - Pitching for Portland Privateers : LHP Jaime Ayala
Pitching: LHP Luke Brown
Now at 3B: Ramiro Gámez
Now in CF: José Balina
Batting: RHB Shawn Marshall 0-0: Swinging Strike
0-1: Foul Ball, location: 2F
0-2: Ball
1-2: Strikes out looking
Pitching: RHP Ed Calhoun
Batting: RHB Dick Slagboom 0-0: Foul Ball, location: 2F
0-1: Swinging Strike
0-2: Foul Ball, location: 2F
0-2: Fly out, F9 (Flyball, 9LSF)
Pitching: LHP Wilbert Cooper
Batting: LHB Alex Henderson 0-0: SINGLE (Line Drive, 34D)
Batting: RHB Jesús Cabrera 0-0: Called Strike
0-1: Ball
1-1: Swinging Strike
1-2: Ball
2-2: Foul Ball, location: 2F
2-2: Foul Ball, location: 2F
2-2: Foul Ball, location: 2F
2-2: Foul Ball, location: 2F
2-2: Strikes out swinging
Top of the 8th over - 0 run(s), 1 hit(s), 0 error(s), 1 left on base; Louisville 6 - Portland 7
BOTTOM OF THE 8TH
Portland Privateers batting - Pitching for Louisville Bats : RHP Vaughn Stanley
Batting: RHB Dave Nelson 0-0: Called Strike
0-1: Foul Ball, location: 2F
0-2: Ball
1-2: Foul Ball, location: 2F
1-2: Ball
2-2: Foul Ball, location: 2F
2-2: Strikes out looking
Batting: SHB Cory Campbell 0-0: Ball
1-0: Called Strike
1-1: Swinging Strike
1-2: Ball
2-2: Strikes out looking
Batting: RHB Edward Holloway 0-0: Called Strike
0-1: Swinging Strike
0-2: Foul Ball, location: 2F
0-2: Strikes out looking
Bottom of the 8th over - 0 run(s), 0 hit(s), 0 error(s), 0 left on base; Louisville 6 - Portland 7
TOP OF THE 9TH
Louisville Bats batting - Pitching for Portland Privateers : LHP Wilbert Cooper
Pitching: RHP Ricardo Ontiveros
Batting: RHB Eric Thompson 0-0: Called Strike
0-1: Ball
1-1: Ball
2-1: Fly out, F3 (Popup, 34)
Batting: SHB Bob Warren 0-0: Foul Ball, location: 2F
0-1: Swinging Strike
0-2: Strikes out swinging
Batting: RHB John Denton 0-0: Called Strike
0-1: Called Strike
0-2: Foul Ball, location: 2F
0-2: Ball
1-2: Foul Ball, location: 2F
1-2: Strikes out swinging
Top of the 9th over - 0 run(s), 0 hit(s), 0 error(s), 0 left on base; Louisville 6 - Portland 7
Tuesday, August 8th, 2017 - OOTP Baseball 17.12 Build 75